Map: Cosmic Sapphire

Players

Dolan - Winner!

  • Race: Terran Terran
  • Spawn Location: 11:00

Maplez

  • Race: Protoss Protoss
  • Spawn Location: 5:00

Event: DreamHack SC2 Masters 2022 Atlanta (Offline)

VOD

Have the link to the VOD?

Description

Time

  • Played on: Nov. 18, 2022, 3:16 p.m.
  • Length: 8:32

All games in this series

Show
View Real Time Build Order
Export as new Build Order

Dolan Terran - Winner!

Build Orders:  

Get SALT Encoding   

  12  0:00  SCV  
  13  0:12  SCV  
  14  0:16  Supply Depot  
  14  0:24  SCV  
  15  0:38  SCV  
  15  0:39  Barracks  
  15  0:42  Refinery  
  16  0:50  SCV  
  16  0:54  Supply Depot  
  17  1:02  SCV  
  18  1:21  SCV  
  19  1:25  Marine  
  20  1:36  Orbital Command  
  20  1:47  Barracks Reactor  
  20  1:54  Command Center  
  20  2:02  Barracks  
  20  2:04  SCV  
  21  2:10  Bunker  
  21  2:16  SCV  
  21  2:22  Barracks  
  22  2:25  Marine x2  
  22  2:28  SCV  
  25  2:40  SCV  
  25  2:43  Marine x2  
  28  2:48  Barracks Tech Lab  
  28  2:51  Refinery  
  28  2:52  SCV  
  29  3:01  Marine x2  
  31  3:05  SCV, Orbital Command  
  31  3:09  Barracks Tech Lab, Marine  
  31  3:10  Stimpack  
  33  3:19  SCV  
  34  3:22  Marine x2  
  34  3:25  Supply Depot  
  36  3:27  Marine x2  
  36  3:32  SCV x2  
  40  3:35  Combat Shield  
  40  3:44  Marine x2  
  40  3:45  Marine x2  
  40  3:48  SCV x2  
  46  3:51  Supply Depot  
  46  4:00  SCV x2  
  50  4:05  Marauder  
  50  4:06  Marauder, Marine x2  
  54  4:15  Factory  
  54  4:16  Supply Depot  
  54  4:17  SCV  
  54  4:18  SCV  
  56  4:25  Engineering Bay  
  56  4:32  Marine x2  
  56  4:33  Marauder x2  
  56  4:38  SCV x2  
  64  4:42  Supply Depot  
  64  4:45  Refinery  
  64  4:51  Terran Infantry Weapons Level 1  
  64  4:57  Marine x2  
  64  4:58  Marauder x2  
  68  5:07  Factory Reactor, Starport  
  67  5:15  Marine x2  
  67  5:19  Marauder x2  
  73  5:24  SCV x2  
  73  5:26  Supply Depot  
  75  5:29  Concussive Shells  
  75  5:34  Marine x2  
  77  5:37  SCV  
  78  5:46  Supply Depot  
  78  5:47  SCV, Marauder x2  
  83  5:54  SCV  
  83  5:57  Factory Tech Lab, Medivac x2  
  84  5:58  Refinery  
  84  5:59  SCV  
  89  6:06  Marine x2  
  89  6:09  Marauder x2  
  94  6:20  Siege Tank  
  94  6:22  SCV x2  
  94  6:24  Supply Depot  
  99  6:29  Marine x2  
  101  6:36  Marauder  
  102  6:46  SCV x2, Medivac x2, Marauder  
  110  6:52  Command Center  
  110  6:55  Supply Depot  
  110  7:01  Widow Mine  
  110  7:15  Supply Depot  
  110  7:16  SCV x2, Marauder x2, Marine x2  
  114  7:30  Siege Tank  
  114  7:36  Viking x2  
  119  7:45  Marine x2  
  119  7:46  Marauder x2  
  124  7:52  SCV x2  
  124  7:56  Barracks  
  124  7:57  Barracks  
  129  8:13  SCV x2  
Show
View Real Time Build Order
Export as new Build Order

Maplez Protoss 

Build Orders: 1 Gate Expand, Blink Stalkers 

Get SALT Encoding   

  12  0:00  Probe  
  13  0:12  Probe  
  14  0:17  Pylon  
  14  0:24  Probe (Chrono Boost)  
  16  0:36  Probe (Chrono Boost)  
  16  0:37  Gateway  
  16  0:43  Probe (Chrono Boost)  
  16  0:46  Assimilator  
  17  0:50  Probe  
  18  1:02  Probe  
  19  1:17  Probe  
  20  1:23  Cybernetics Core  
  20  1:34  Nexus  
  20  1:41  Pylon  
  20  1:44  Probe  
  21  1:50  Assimilator  
  21  1:56  Probe  
  24  2:01  Stalker (Chrono Boost)  
  24  2:06  Warp Gate (Chrono Boost)  
  24  2:10  Probe  
  25  2:19  Gateway  
  25  2:30  Stalker  
  25  2:31  Probe  
  28  2:43  Twilight Council  
  28  2:49  Probe  
  30  2:51  Probe  
  30  2:59  Gateway  
  30  3:02  Probe  
  30  3:04  Probe  
  31  3:13  Blink (Chrono Boost)  
  31  3:15  Probe  
  31  3:17  Probe  
  33  3:32  Gateway, Probe  
  34  3:37  Probe  
  35  3:47  Robotics Facility, Probe  
  36  3:51  Probe  
  37  3:57  Stalker  
  37  4:00  Probe  
  40  4:04  Pylon  
  40  4:06  Stalker  
  42  4:10  Probe  
  42  4:13  Probe  
  44  4:17  Stalker  
  44  4:20  Shield Battery  
  46  4:27  Stalker  
  49  4:31  Stalker  
  49  4:37  Immortal (Chrono Boost)  
  49  4:44  Shield Battery  
  53  4:49  Pylon  
  53  4:55  Probe  
  54  5:04  Assimilator  
  54  5:07  Probe x2  
  54  5:09  Sentry x2, Assimilator  
  56  5:19  Probe  
  57  5:22  Stalker x2  
  57  5:23  Probe  
  62  5:29  Pylon  
  62  5:35  Pylon  
  62  5:37  Pylon  
  62  5:47  Probe (Chrono Boost), Pylon  
  62  5:48  Robotics Bay  
  64  5:52  Probe (Chrono Boost)  
  65  5:57  Probe (Chrono Boost), Stalker x2  
  65  6:01  Probe (Chrono Boost)  
  65  6:02  Probe (Chrono Boost)  
  71  6:19  Charge (Chrono Boost), Probe  
  71  6:21  Probe  
  71  6:24  Nexus  
  71  6:32  Probe  
  72  6:33  Probe  
  72  6:34  Colossus (Chrono Boost)  
  79  6:40  Extended Thermal Lance  
  79  6:44  Probe  
  79  6:45  Probe  
  81  6:50  Shield Battery  
  81  6:57  Shield Battery  
  81  6:59  Pylon  
  81  7:02  Zealot x2  
  81  7:03  Zealot x2  
  89  7:13  Probe  
  90  7:17  Pylon  
  90  7:20  Gateway  
  90  7:24  Zealot x3  
  90  7:25  Zealot, Colossus (Chrono Boost)  
  88  7:44  Zealot x3  
  88  7:48  Robotics Facility  
  87  7:59  Stalker  
  89  8:12  Sentry x3  
  96  8:26  Zealot x2  
Tags
 
Add a new tag
Caveats
  • Supply blocks, unpowered buildings, or Contaminate may cause inaccurate times.
  • Supply counts are checked every 10 seconds.